Map: Neon Violet Square LE

Players

axu - Winner!

  • Race: Protoss Protoss
  • League: Platinum
  • Spawn Location: 5:00

JustSeventy

  • Race: Protoss Protoss
  • League: Platinum
  • Spawn Location: 11:00

VOD

Have the link to the VOD?

Description

Time

  • Played on: May 8, 2018, 6:39 a.m.
  • Length: 14:05
Show
View Real Time Build Order
Export as new Build Order

axu Protoss - Winner!

Build Orders:  

Get SALT Encoding   

  12  0:01  Probe  
  13  0:13  Probe  
  14  0:19  Pylon  
  14  0:25  Probe  
  15  0:42  Gateway  
  15  0:45  Assimilator  
  15  0:51  Probe  
  16  1:05  Probe  
  16  1:10  Assimilator  
  17  1:14  Gateway, Probe  
  18  1:22  Probe  
  18  1:30  Cybernetics Core  
  19  1:33  Probe  
  20  1:45  Probe  
  21  1:47  Pylon  
  21  1:57  Probe  
  21  1:59  Adept x2  
  26  2:09  Probe, Warp Gate  
  27  2:15  Pylon  
  27  2:22  Probe  
  28  2:30  Stalker  
  28  2:34  Stalker  
  32  2:47  Probe  
  31  3:24  Stalker  
  31  3:25  Stalker  
  33  3:35  Pylon  
  33  3:37  Nexus  
  33  3:40  Robotics Facility  
  33  3:48  Pylon  
  33  3:51  Probe  
  34  4:03  Probe  
  35  4:11  Stalker x2  
  35  4:15  Probe  
  40  4:22  Immortal  
  40  4:27  Probe  
  45  4:39  Probe  
  46  4:47  Shield Battery  
  46  4:52  Probe  
  47  4:54  Shield Battery  
  47  4:57  Stalker  
  49  5:02  Stalker  
  51  5:10  Probe  
  51  5:11  Probe  
  53  5:19  Immortal  
  57  5:33  Probe  
  57  5:34  Probe  
  59  5:37  Shield Battery  
  59  5:46  Probe x2  
  59  5:48  Twilight Council  
  61  5:58  Observer  
  61  5:59  Stalker  
  61  6:00  Stalker  
  66  6:19  Nexus  
  66  6:20  Observer  
  67  6:26  Gateway  
  67  6:27  Gateway  
  66  6:42  Charge, Forge x2  
  66  6:51  Dark Shrine, Probe x2  
  68  7:01  Assimilator  
  68  7:03  Probe x2  
  68  7:05  Assimilator  
  70  7:09  Pylon  
  70  7:12  Pylon  
  70  7:19  Pylon  
  70  7:22  Pylon  
  70  7:27  Probe x2  
  70  7:29  Zealot, Protoss Ground Weapons Level 1  
  74  7:30  Zealot x3, Protoss Ground Armor Level 1  
  80  7:39  Probe x2  
  81  7:54  Probe x3  
  84  8:06  Probe x2  
  84  8:07  Gateway x2  
  84  8:08  Gateway  
  84  8:09  Gateway  
  86  8:22  Immortal  
  90  8:28  Probe x3  
  90  8:32  Pylon  
  93  8:36  Pylon  
  93  8:39  Probe x2  
  93  8:40  Probe  
  96  8:47  Probe x2  
  96  8:52  Probe  
  99  8:57  Assimilator  
  99  8:59  Dark Templar x2  
  99  9:00  Dark Templar x2  
  99  9:01  Assimilator  
  107  9:05  Immortal  
  111  9:20  Dark Templar x4  
  119  9:27  Protoss Ground Weapons Level 2  
  119  9:28  Protoss Ground Armor Level 2  
  119  9:44  Archon, Immortal  
  119  9:45  Archon, Dark Templar  
  123  9:47  Zealot x3  
  123  9:51  Blink  
  131  9:53  Archon  
  131  10:06  Probe x2  
  133  10:16  Stargate  
  133  10:17  Nexus  
  133  10:22  Stargate  
  133  10:25  Protoss Air Weapons Level 1  
  133  10:31  Pylon  
  133  10:49  Probe  
  134  11:00  Immortal  
  138  11:10  Fleet Beacon  
  138  11:24  Pylon  
  138  11:26  Void Ray, Pylon  
  138  11:28  Pylon x2  
  138  11:29  Void Ray  
  138  11:30  Pylon  
  138  11:51  Observer  
  133  12:01  Dark Templar x2  
  133  12:02  Dark Templar x4  
  133  12:04  Probe x3  
  133  12:05  Probe  
  144  12:16  Probe x2  
  144  12:17  Probe  
  144  12:21  Carrier  
  144  12:22  Carrier  
  155  12:46  Probe x4  
  159  12:58  Probe x2  
  161  13:16  Probe x4  
Show
View Real Time Build Order
Export as new Build Order

JustSeventy Protoss 

Build Orders:  

Get SALT Encoding   

  12  0:00  Probe  
  13  0:13  Probe  
  14  0:20  Pylon  
  14  0:25  Probe  
  15  0:30  Assimilator  
  15  0:41  Probe  
  15  0:43  Gateway  
  15  0:49  Probe  
  17  0:59  Probe  
  18  1:11  Probe  
  19  1:29  Probe  
  19  1:30  Cybernetics Core, Pylon  
  19  1:38  Probe  
  21  1:47  Probe  
  22  2:07  Robotics Facility  
  22  2:11  Pylon  
  22  2:12  Probe  
  23  2:27  Stalker  
  25  2:35  Gateway  
  25  2:44  Pylon  
  25  2:46  Probe  
  25  2:48  Assimilator, Immortal, Shield Battery x2  
  26  3:15  Probe  
  23  3:23  Warp Gate  
  23  3:27  Probe  
  24  3:38  Probe  
  25  3:46  Immortal  
  29  3:56  Probe  
  29  3:57  Stalker  
  32  4:16  Probe  
  33  4:25  Warp Prism  
  33  4:28  Probe  
  36  4:40  Probe  
  37  4:53  Nexus  
  37  4:57  Probe  
  38  5:09  Observer  
  39  5:14  Probe  
  39  5:18  Gateway  
  39  5:20  Pylon  
  40  5:27  Adept  
  42  6:01  Immortal  
  46  6:05  Probe x2  
  46  6:08  Adept  
  50  6:23  Observer  
  50  6:25  Pylon  
  50  6:26  Probe x2  
  52  6:35  Adept  
  54  6:43  Nexus  
  54  6:45  Pylon  
  54  6:46  Sentry  
  56  6:56  Probe  
  56  6:57  Probe  
  58  7:01  Gateway  
  58  7:05  Probe x2  
  58  7:13  Probe x2  
  60  7:15  Pylon  
  62  7:23  Probe x2  
  62  7:28  Zealot x2  
  68  7:35  Probe  
  67  7:52  Probe x2  
  67  7:54  Assimilator  
  67  7:56  Forge  
  67  7:57  Assimilator  
  67  7:58  Forge  
  67  7:59  Probe  
  67  8:04  Probe x2  
  70  8:08  Sentry, Twilight Council  
  70  8:10  Gateway, Sentry  
  70  8:11  Sentry, Probe  
  77  8:16  Observer  
  77  8:17  Probe x2  
  79  8:23  Probe  
  80  8:29  Probe x2  
  80  8:31  Protoss Ground Armor Level 1  
  80  8:32  Sentry, Shield Battery, Protoss Ground Weapons Level 1  
  84  8:35  Probe  
  84  8:41  Probe x2  
  86  8:52  Probe  
  86  8:53  Probe  
  86  8:55  Probe  
  89  9:08  Immortal  
  93  9:14  Templar Archives  
  80  9:24  Charge  
  93  9:26  Dark Shrine  
  93  9:29  Stalker x4  
  93  9:30  Pylon  
  101  9:31  Shield Battery  
  101  9:33  Shield Battery  
  101  9:34  Shield Battery  
  101  9:43  Robotics Bay  
  101  9:44  Probe  
  101  9:45  Robotics Facility, Probe  
  103  9:58  Stalker x3  
  109  10:19  Pylon  
  109  10:20  Gateway  
  109  10:21  Gateway x2  
  109  10:23  Gateway  
  109  10:24  Gateway  
  109  10:27  Zealot x3  
  113  10:45  Dark Templar  
  113  10:47  Dark Templar x2  
  113  10:48  Dark Templar  
  117  11:01  Protoss Ground Weapons Level 2  
  117  11:02  Protoss Ground Armor Level 2  
  117  11:24  Probe x2  
  117  11:25  Probe  
  116  11:26  Pylon  
  116  11:27  Pylon x2  
  116  11:28  Pylon  
  112  11:40  Dark Templar  
  112  11:41  Dark Templar  
  116  11:50  Dark Templar  
  118  12:01  Observer  
  91  12:19  Probe x3  
  82  12:30  Photon Cannon  
  82  12:31  Probe x3  
  82  12:33  Dark Templar x2  
  86  12:43  Probe x2  
  86  12:44  Probe  
  86  12:47  Stalker x2  
  89  12:55  Probe x2  
  89  12:56  Probe  
  92  12:59  Photon Cannon  
  92  13:01  Photon Cannon  
  91  13:07  Probe  
  91  13:08  Probe x2  
  92  13:20  Probe x3  
  81  13:32  Probe x2  
Tags
 
Add a new tag
Caveats
  • Supply blocks, unpowered buildings, or Contaminate may cause inaccurate times.
  • Supply counts are checked every 10 seconds.